2924 views
Uploaded 2020-03-07 23:27:58
Game version 1.32.2
20:14 long 4on4 ladder game on (8)Sanctuary_LV
Saved by ChuckleMan
2924 views
Uploaded 2020-03-07 23:27:58
Game version 1.32.2
20:14 long 4on4 ladder game on (8)Sanctuary_LV


117 units @ 17.1k
/ 2.4k
67 buildings @ 9.5k
/ 3.9k


| Ritual Dagger | 1 | 125 |
| Rod of Necromancy | 1 | 150 |
| Orb of Corruption | 2 | 750 |
| Scroll of Healing | 2 | 500 |
| total: | 6 | 1525g |
| Acolyte | 14 | 1050 | / | 0 |
| Ghoul | 8 | 960 | / | 0 |
| Crypt Fiend | 10 | 2150 | / | 400 |
| Forest Troll High Priest | 1 | 305 | / | 40 |
| Kobold Geomancer | 1 | 255 | / | 30 |
| total: | 34 | 4720g | / | 470w |
| Nerubian Tower | 4 | 400 | / | 80 |
| Spirit Tower | 1 | 145 | / | 40 |
| Altar of Darkness | 1 | 180 | / | 50 |
| Ziggurat | 7 | 1050 | / | 350 |
| Crypt | 2 | 400 | / | 100 |
| Graveyard | 1 | 215 | / | 0 |
| Tomb of Relics | 1 | 130 | / | 30 |
| Necropolis | 1 | 225 | / | 0 |
| Sacrificial Pit | 1 | 75 | / | 150 |
| Boneyard | 2 | 350 | / | 400 |
| Halls of the Dead | 1 | 320 | / | 210 |
| Black Citadel | 1 | 325 | / | 230 |
| total: | 16 | 2625g | / | 1080w |
| 0:05 | Acolyte |
| 0:08 | Altar of Darkness |
| 0:15 | Ziggurat |
| 0:21 | Acolyte |
| 0:34 | Crypt |
| 1:37 | Graveyard |
| 1:38 | Ghoul |
| 1:39 | Ghoul |
| 1:39 | Ghoul |
| 1:48 | Ziggurat |
| 2:03 | Ghoul |
| 2:12 | Ghoul |
| 2:29 | Death Coil |
| 2:39 | Ghoul |
| 2:42 | Nerubian Tower |
| 2:43 | Nerubian Tower |
| 3:28 | Ghoul |
| 3:28 | Ghoul |
| 3:33 | Ziggurat |
| 3:42 | Tomb of Relics |
| 3:48 | Creature Attack |
| 3:56 | Crypt Fiend |
| 4:24 | Crypt |
| 4:45 | Crypt Fiend |
| 5:03 | Creature Carapace |
| 5:07 | Unholy Aura |
| 5:20 | Crypt Fiend |
| 5:34 | Ritual Dagger |
| 5:50 | Ziggurat |
| 6:05 | Rod of Necromancy |
| 6:25 | Crypt Fiend |
| 7:16 | Crypt Fiend |
| 7:26 | Nerubian Tower |
| 7:27 | Spirit Tower |
| 7:46 | Acolyte |
| 7:46 | Acolyte |
| 8:08 | Death Coil |
| 8:34 | Halls of the Dead |
| 9:30 | Necropolis |
| 9:38 | Crypt Fiend |
| 10:03 | Crypt Fiend |
| 10:21 | Crypt Fiend |
| 11:46 | Forest Troll High Priest |
| 11:47 | Kobold Geomancer |
| 11:52 | Crypt Fiend |
| 11:53 | Improved Creature Attack |
| 11:54 | Black Citadel |
| 12:03 | Sacrificial Pit |
| 12:57 | Scroll of Healing |
| 12:57 | Scroll of Healing |
| 13:19 | Ziggurat |
| 13:42 | Unholy Aura |
| 14:14 | Nerubian Tower |
| 14:44 | Orb of Corruption |
| 14:44 | Orb of Corruption |
| 14:48 | Acolyte |
| 15:18 | Acolyte |
| 15:18 | Acolyte |
| 15:19 | Acolyte |
| 15:19 | Acolyte |
| 15:38 | Boneyard |
| 15:50 | Frost Nova |
| 16:02 | Web |
| 17:02 | Crypt Fiend |
| 17:22 | Frost Armor |
| 17:33 | Acolyte |
| 17:33 | Acolyte |
| 17:33 | Acolyte |
| 17:33 | Acolyte |
| 18:30 | Acolyte |
| 18:36 | Boneyard |
| 18:37 | Advanced Creature Attack |
| 18:58 | Ziggurat |
| 19:00 | Ziggurat |
| 19:30 | Death Coil |
| 19:52 | Frost Nova |
| Right click | 940 |
| Select | 230 |
| Misc. action | 83 |
| Build/train/purchase | 71 |
| Select group | 57 |
| Use ability | 25 |
| Minimap ping | 18 |
| Assign group | 10 |
| Item give/drop | 3 |
| Remove unit | 3 |

| Peasant | 19 | 1425 | / | 0 |
| Rifleman | 18 | 3690 | / | 540 |
| total: | 37 | 5115g | / | 540w |
| Scout Tower | 5 | 150 | / | 100 |
| Barracks | 2 | 320 | / | 120 |
| Blacksmith | 1 | 140 | / | 60 |
| Farm | 12 | 960 | / | 240 |
| Altar of Kings | 2 | 360 | / | 100 |
| Town Hall | 2 | 770 | / | 410 |
| Keep | 1 | 320 | / | 210 |
| Castle | 1 | 360 | / | 210 |
| total: | 24 | 2700g | / | 1030w |
| 0:08 | Peasant |
| 0:08 | Peasant |
| 0:08 | Peasant |
| 0:25 | Barracks |
| 0:33 | Blacksmith |
| 0:39 | Farm |
| 0:41 | Peasant |
| 1:09 | Altar of Kings |
| 1:13 | Altar of Kings |
| 1:20 | Farm |
| 1:52 | Rifleman |
| 2:16 | Rifleman |
| 2:53 | Rifleman |
| 3:12 | Peasant |
| 3:12 | Peasant |
| 3:26 | Flame Strike |
| 3:40 | Keep |
| 3:46 | Farm |
| 3:47 | Farm |
| 3:48 | Farm |
| 3:49 | Farm |
| 3:50 | Farm |
| 3:51 | Farm |
| 3:52 | Farm |
| 3:53 | Farm |
| 4:11 | Rifleman |
| 4:39 | Siphon Mana |
| 5:10 | Town Hall |
| 5:44 | Town Hall |
| 6:26 | Peasant |
| 6:26 | Peasant |
| 6:33 | Barracks |
| 7:03 | Long Rifles |
| 7:03 | Rifleman |
| 7:04 | Rifleman |
| 7:14 | Flame Strike |
| 9:07 | Peasant |
| 9:07 | Peasant |
| 9:07 | Peasant |
| 9:15 | Rifleman |
| 9:15 | Rifleman |
| 9:25 | Peasant |
| 9:25 | Peasant |
| 10:21 | Black Gunpowder |
| 10:21 | Studded Leather Armor |
| 11:01 | Rifleman |
| 11:02 | Rifleman |
| 11:11 | Siphon Mana |
| 11:25 | Castle |
| 11:28 | Refined Gunpowder |
| 12:47 | Reinforced Leather Armor |
| 13:04 | Peasant |
| 13:37 | Scout Tower |
| 13:38 | Scout Tower |
| 13:39 | Scout Tower |
| 13:41 | Scout Tower |
| 13:42 | Scout Tower |
| 14:03 | Imbued Gunpowder |
| 14:07 | Rifleman |
| 14:07 | Rifleman |
| 14:07 | Rifleman |
| 14:08 | Rifleman |
| 14:16 | Farm |
| 14:19 | Farm |
| 15:17 | Rifleman |
| 15:26 | Dragonhide Armor |
| 17:25 | Flame Strike |
| 17:34 | Rifleman |
| 17:39 | Peasant |
| 17:39 | Peasant |
| 17:39 | Peasant |
| 17:39 | Peasant |
| 17:40 | Peasant |
| 19:26 | Rifleman |
| 19:27 | Rifleman |
| Right click | 301 |
| Select | 127 |
| Misc. action | 103 |
| Select group | 78 |
| Build/train/purchase | 54 |
| Minimap ping | 25 |
| Assign group | 21 |
| Use ability | 14 |
| Remove unit | 1 |


| Rod of Necromancy | 1 | 150 |
| Potion of Lesser Invulnerability | 1 | 150 |
| total: | 2 | 300g |
| Acolyte | 2 | 150 | / | 0 |
| Ghoul | 4 | 480 | / | 0 |
| Crypt Fiend | 8 | 1720 | / | 320 |
| Obsidian Statue | 2 | 400 | / | 70 |
| Abomination | 6 | 1440 | / | 420 |
| total: | 22 | 4190g | / | 810w |
| Altar of Darkness | 1 | 180 | / | 50 |
| Ziggurat | 7 | 1050 | / | 350 |
| Crypt | 1 | 200 | / | 50 |
| Tomb of Relics | 1 | 130 | / | 30 |
| Graveyard | 1 | 215 | / | 0 |
| Slaughterhouse | 2 | 280 | / | 270 |
| Halls of the Dead | 2 | 640 | / | 420 |
| Black Citadel | 2 | 650 | / | 460 |
| total: | 13 | 2055g | / | 750w |
| 0:06 | Acolyte |
| 0:06 | Acolyte |
| 0:12 | Altar of Darkness |
| 0:14 | Ziggurat |
| 0:41 | Crypt |
| 0:44 | Tomb of Relics |
| 1:04 | Graveyard |
| 1:20 | Ziggurat |
| 1:43 | Ghoul |
| 1:48 | Ghoul |
| 2:19 | Ziggurat |
| 2:30 | Crypt Fiend |
| 2:59 | Crypt Fiend |
| 3:11 | Death Coil |
| 3:21 | Halls of the Dead |
| 3:27 | Rod of Necromancy |
| 4:11 | Ghoul |
| 4:57 | Ghoul |
| 5:00 | Creature Attack |
| 5:03 | Ziggurat |
| 5:09 | Ziggurat |
| 5:41 | Crypt Fiend |
| 5:43 | Black Citadel |
| 5:50 | Slaughterhouse |
| 6:09 | Crypt Fiend |
| 6:55 | Crypt Fiend |
| 6:58 | Obsidian Statue |
| 7:01 | Slaughterhouse |
| 7:08 | Unholy Aura |
| 7:49 | Crypt Fiend |
| 7:52 | Obsidian Statue |
| 7:58 | Ziggurat |
| 9:01 | Death Coil |
| 9:29 | Frost Nova |
| 9:46 | Black Citadel |
| 10:33 | Web |
| 10:37 | Ziggurat |
| 11:17 | Frost Armor |
| 11:25 | Creature Carapace |
| 12:17 | Potion of Lesser Invulnerability |
| 12:40 | Abomination |
| 12:41 | Abomination |
| 13:38 | Unholy Strength |
| 14:10 | Unholy Aura |
| 14:34 | Abomination |
| 14:38 | Disease Cloud |
| 17:07 | Abomination |
| 17:07 | Abomination |
| 17:08 | Abomination |
| 17:26 | Frost Nova |
| 17:55 | Crypt Fiend |
| 17:55 | Crypt Fiend |
| Right click | 665 |
| Select | 207 |
| Select group | 203 |
| Build/train/purchase | 54 |
| Assign group | 32 |
| Minimap ping | 32 |
| Use ability | 21 |
| Misc. action | 16 |
| Remove unit | 2 |

| Healing Salve | 4 | 400 |
| Lesser Clarity Potion | 13 | 910 |
| Orb of Lightning | 1 | 375 |
| Boots of Speed | 1 | 250 |
| Staff of Teleportation | 1 | 150 |
| Circlet of Nobility | 1 | 175 |
| total: | 21 | 2260g |
| Peon | 9 | 675 | / | 0 |
| Troll Batrider | 15 | 2400 | / | 600 |
| total: | 24 | 3075g | / | 600w |
| Altar of Storms | 1 | 180 | / | 50 |
| Orc Burrow | 5 | 800 | / | 200 |
| Voodoo Lounge | 2 | 260 | / | 60 |
| War Mill | 1 | 205 | / | 0 |
| Beastiary | 3 | 435 | / | 420 |
| Tauren Totem | 1 | 135 | / | 155 |
| Spirit Lodge | 1 | 150 | / | 150 |
| Stronghold | 2 | 630 | / | 380 |
| Fortress | 2 | 650 | / | 380 |
| total: | 14 | 2165g | / | 1035w |
| 0:02 | Peon |
| 0:02 | Peon |
| 0:07 | Altar of Storms |
| 0:18 | Orc Burrow |
| 0:22 | Peon |
| 0:45 | Peon |
| 0:51 | Peon |
| 0:52 | Peon |
| 0:57 | Voodoo Lounge |
| 1:17 | Peon |
| 1:43 | Peon |
| 1:45 | Peon |
| 2:11 | Healing Salve |
| 2:12 | Lesser Clarity Potion |
| 2:14 | Wind Walk |
| 2:20 | Stronghold |
| 2:52 | War Mill |
| 2:53 | Orc Burrow |
| 3:43 | Boots of Speed |
| 3:43 | Staff of Teleportation |
| 3:43 | Circlet of Nobility |
| 4:45 | Fortress |
| 4:48 | Beastiary |
| 4:49 | Beastiary |
| 4:56 | Lesser Clarity Potion |
| 4:58 | Lesser Clarity Potion |
| 5:28 | Critical Strike |
| 5:37 | Orc Burrow |
| 5:38 | Steel Ranged Weapons |
| 6:26 | Troll Batrider |
| 6:51 | Troll Batrider |
| 6:55 | Lesser Clarity Potion |
| 6:57 | Healing Salve |
| 7:00 | Lesser Clarity Potion |
| 7:06 | Liquid Fire |
| 7:09 | Orb of Lightning |
| 7:20 | Troll Batrider |
| 7:48 | Troll Batrider |
| 8:22 | Troll Batrider |
| 8:43 | Troll Batrider |
| 8:46 | Wind Walk |
| 9:16 | Troll Batrider |
| 9:21 | Lesser Clarity Potion |
| 10:52 | Troll Batrider |
| 10:55 | Lesser Clarity Potion |
| 10:57 | Healing Salve |
| 11:21 | Troll Batrider |
| 11:22 | Troll Batrider |
| 11:51 | Troll Batrider |
| 12:35 | Thorium Ranged Weapons |
| 12:46 | Critical Strike |
| 12:54 | Lesser Clarity Potion |
| 12:55 | Lesser Clarity Potion |
| 14:02 | Troll Batrider |
| 14:03 | Orc Burrow |
| 14:16 | Orc Burrow |
| 14:18 | Reinforced Defenses |
| 14:23 | Lesser Clarity Potion |
| 14:24 | Lesser Clarity Potion |
| 15:30 | Troll Batrider |
| 15:33 | Troll Batrider |
| 16:07 | Troll Batrider |
| 17:03 | Beastiary |
| 17:08 | Voodoo Lounge |
| 18:25 | Tauren Totem |
| 18:26 | Spirit Lodge |
| 18:45 | Lesser Clarity Potion |
| 18:46 | Healing Salve |
| 18:50 | Lesser Clarity Potion |
| 19:07 | Critical Strike |
| Right click | 1351 |
| Select group | 228 |
| Select | 151 |
| Build/train/purchase | 114 |
| Use ability | 19 |
| Assign group | 6 |
| Misc. action | 6 |
| Item give/drop | 4 |
| Minimap ping | 3 |
| Esc | 1 |
148 units @ 20.5k
/ 3.5k
216 buildings @ 16.3k
/ 7.8k



| Scroll of Town Portal | 2 | 700 |
| Boots of Speed | 3 | 750 |
| Staff of Teleportation | 3 | 450 |
| Circlet of Nobility | 1 | 175 |
| Potion of Lesser Invulnerability | 1 | 150 |
| total: | 10 | 2225g |
| Peasant | 20 | 1500 | / | 0 |
| Sorceress | 1 | 155 | / | 20 |
| Goblin Shredder | 2 | 750 | / | 200 |
| Goblin Zeppelin | 1 | 240 | / | 60 |
| total: | 24 | 2645g | / | 280w |
| Scout Tower | 139 | 4170 | / | 2780 |
| Arcane Tower | 5 | 350 | / | 250 |
| Guard Tower | 26 | 1820 | / | 1300 |
| Altar of Kings | 1 | 180 | / | 50 |
| Farm | 8 | 640 | / | 160 |
| Lumber Mill | 2 | 240 | / | 0 |
| Town Hall | 2 | 770 | / | 410 |
| Arcane Sanctum | 1 | 150 | / | 140 |
| Keep | 1 | 320 | / | 210 |
| Castle | 1 | 360 | / | 210 |
| total: | 153 | 6150g | / | 3540w |
| 0:05 | Peasant |
| 0:05 | Peasant |
| 0:08 | Altar of Kings |
| 0:11 | Farm |
| 0:15 | Peasant |
| 0:27 | Peasant |
| 0:46 | Peasant |
| 1:00 | Peasant |
| 1:03 | Scout Tower |
| 1:12 | Lumber Mill |
| 1:15 | Peasant |
| 1:18 | Peasant |
| 1:21 | Farm |
| 1:29 | Arcane Tower |
| 1:30 | Scout Tower |
| 1:39 | Peasant |
| 1:59 | Scout Tower |
| 2:00 | Peasant |
| 2:13 | Blizzard |
| 2:15 | Guard Tower |
| 2:16 | Peasant |
| 2:19 | Farm |
| 2:28 | Scout Tower |
| 2:32 | Scout Tower |
| 2:35 | Guard Tower |
| 2:35 | Peasant |
| 2:40 | Peasant |
| 2:58 | Guard Tower |
| 3:01 | Scout Tower |
| 3:23 | Scout Tower |
| 3:24 | Peasant |
| 3:24 | Peasant |
| 3:52 | Guard Tower |
| 4:32 | Town Hall |
| 4:36 | Scout Tower |
| 4:37 | Scout Tower |
| 4:37 | Scout Tower |
| 4:37 | Scout Tower |
| 4:44 | Scout Tower |
| 5:02 | Brilliance Aura |
| 5:30 | Goblin Shredder |
| 5:38 | Guard Tower |
| 5:40 | Arcane Tower |
| 5:50 | Blizzard |
| 6:02 | Keep |
| 6:28 | Scout Tower |
| 6:30 | Peasant |
| 6:30 | Peasant |
| 6:33 | Scout Tower |
| 6:34 | Scout Tower |
| 6:35 | Scout Tower |
| 6:35 | Scout Tower |
| 6:37 | Scout Tower |
| 6:40 | Scout Tower |
| 6:43 | Scout Tower |
| 6:45 | Scout Tower |
| 6:48 | Scout Tower |
| 6:49 | Scout Tower |
| 7:04 | Guard Tower |
| 7:09 | Guard Tower |
| 7:11 | Improved Masonry |
| 7:12 | Guard Tower |
| 7:17 | Scout Tower |
| 7:18 | Scout Tower |
| 7:18 | Scout Tower |
| 7:19 | Scout Tower |
| 7:20 | Scout Tower |
| 7:20 | Scout Tower |
| 7:26 | Guard Tower |
| 7:27 | Guard Tower |
| 7:32 | Peasant |
| 7:39 | Scout Tower |
| 7:40 | Scout Tower |
| 7:41 | Scout Tower |
| 7:41 | Scout Tower |
| 7:44 | Scout Tower |
| 7:44 | Scout Tower |
| 7:45 | Scout Tower |
| 7:45 | Scout Tower |
| 7:48 | Scout Tower |
| 7:49 | Scout Tower |
| 8:02 | Scout Tower |
| 8:02 | Scout Tower |
| 8:03 | Scout Tower |
| 8:03 | Scout Tower |
| 8:06 | Arcane Tower |
| 8:24 | Guard Tower |
| 8:25 | Scout Tower |
| 8:26 | Scout Tower |
| 8:28 | Arcane Tower |
| 8:31 | Scout Tower |
| 8:32 | Scout Tower |
| 8:32 | Scout Tower |
| 8:43 | Castle |
| 8:45 | Advanced Masonry |
| 8:49 | Peasant |
| 8:49 | Peasant |
| 8:53 | Arcane Sanctum |
| 9:15 | Scout Tower |
| 9:16 | Scout Tower |
| 9:16 | Scout Tower |
| 9:29 | Guard Tower |
| 9:42 | Guard Tower |
| 9:59 | Goblin Shredder |
| 10:10 | Guard Tower |
| 10:18 | Flame Strike |
| 10:25 | Guard Tower |
| 10:27 | Scout Tower |
| 10:28 | Scout Tower |
| 10:47 | Lumber Mill |
| 10:54 | Scout Tower |
| 10:55 | Scout Tower |
| 10:57 | Scout Tower |
| 10:58 | Scout Tower |
| 11:11 | Improved Lumber Harvesting |
| 11:42 | Magic Sentry |
| 11:50 | Town Hall |
| 11:52 | Guard Tower |
| 12:23 | Boots of Speed |
| 12:23 | Boots of Speed |
| 12:24 | Staff of Teleportation |
| 12:24 | Scroll of Town Portal |
| 12:42 | Farm |
| 12:47 | Farm |
| 12:51 | Farm |
| 12:54 | Farm |
| 12:55 | Farm |
| 13:04 | Imbued Masonry |
| 13:04 | Advanced Lumber Harvesting |
| 13:33 | Staff of Teleportation |
| 13:34 | Boots of Speed |
| 13:42 | Rain of Fire |
| 13:57 | Guard Tower |
| 14:05 | Guard Tower |
| 14:07 | Arcane Tower |
| 14:12 | Scout Tower |
| 14:13 | Scout Tower |
| 14:13 | Scout Tower |
| 14:14 | Scout Tower |
| 14:15 | Scout Tower |
| 14:17 | Scout Tower |
| 14:18 | Scout Tower |
| 14:20 | Scout Tower |
| 14:20 | Scout Tower |
| 14:22 | Scout Tower |
| 14:29 | Goblin Zeppelin |
| 14:39 | Guard Tower |
| 14:42 | Guard Tower |
| 14:48 | Scout Tower |
| 14:49 | Scout Tower |
| 14:49 | Scout Tower |
| 14:50 | Scout Tower |
| 14:50 | Scout Tower |
| 14:51 | Scout Tower |
| 15:02 | Scout Tower |
| 15:03 | Scout Tower |
| 15:03 | Scout Tower |
| 15:04 | Scout Tower |
| 15:04 | Scout Tower |
| 15:05 | Scout Tower |
| 15:06 | Scout Tower |
| 15:06 | Scout Tower |
| 15:06 | Scout Tower |
| 15:07 | Scout Tower |
| 15:07 | Scout Tower |
| 15:07 | Scout Tower |
| 15:07 | Scout Tower |
| 15:07 | Scout Tower |
| 15:08 | Scout Tower |
| 15:08 | Scout Tower |
| 15:08 | Scout Tower |
| 15:08 | Scout Tower |
| 15:08 | Scout Tower |
| 15:09 | Scout Tower |
| 15:09 | Scout Tower |
| 15:09 | Scout Tower |
| 15:09 | Scout Tower |
| 15:09 | Scout Tower |
| 15:10 | Scout Tower |
| 15:10 | Scout Tower |
| 15:10 | Scout Tower |
| 15:11 | Sorceress |
| 15:13 | Sorceress Adept Training |
| 15:29 | Scout Tower |
| 15:30 | Scout Tower |
| 15:31 | Scout Tower |
| 15:31 | Scout Tower |
| 15:32 | Scout Tower |
| 16:09 | Guard Tower |
| 16:11 | Guard Tower |
| 17:01 | Staff of Teleportation |
| 17:02 | Circlet of Nobility |
| 17:23 | Guard Tower |
| 17:33 | Scout Tower |
| 17:33 | Scout Tower |
| 17:34 | Scout Tower |
| 17:35 | Scout Tower |
| 17:36 | Scout Tower |
| 17:36 | Scout Tower |
| 17:37 | Scout Tower |
| 17:37 | Scout Tower |
| 17:37 | Scout Tower |
| 17:38 | Scout Tower |
| 17:38 | Scout Tower |
| 17:39 | Scout Tower |
| 17:40 | Scout Tower |
| 17:40 | Scout Tower |
| 17:40 | Scout Tower |
| 17:40 | Scout Tower |
| 17:41 | Scout Tower |
| 17:46 | Sorceress Master Training |
| 17:52 | Guard Tower |
| 18:02 | Cleaving Attack |
| 18:10 | Scroll of Town Portal |
| 18:10 | Potion of Lesser Invulnerability |
| 18:46 | Guard Tower |
| 18:50 | Guard Tower |
| 18:55 | Scout Tower |
| 18:56 | Scout Tower |
| 18:57 | Scout Tower |
| 18:57 | Scout Tower |
| 19:37 | Siphon Mana |
| 19:38 | Brilliance Aura |
| 19:52 | Scout Tower |
| 19:53 | Scout Tower |
| 19:53 | Scout Tower |
| 19:53 | Scout Tower |
| 19:54 | Scout Tower |
| 19:54 | Scout Tower |
| 19:54 | Scout Tower |
| 19:54 | Scout Tower |
| 19:54 | Scout Tower |
| 19:55 | Scout Tower |
| 19:55 | Scout Tower |
| 19:55 | Scout Tower |
| 19:55 | Scout Tower |
| Right click | 731 |
| Select | 284 |
| Select group | 248 |
| Chat | 200 |
| Build/train/purchase | 125 |
| Use ability | 55 |
| Minimap ping | 26 |
| Assign group | 25 |
| Misc. action | 16 |
| Resource trade | 7 |
| Item give/drop | 4 |
| Esc | 2 |


| Rod of Necromancy | 2 | 300 |
| Scroll of Town Portal | 2 | 700 |
| Scroll of Healing | 1 | 250 |
| Boots of Speed | 2 | 500 |
| Periapt of Vitality | 1 | 325 |
| total: | 8 | 2075g |
| Acolyte | 16 | 1200 | / | 0 |
| Ghoul | 3 | 360 | / | 0 |
| Crypt Fiend | 6 | 1290 | / | 240 |
| Frost Wyrm | 3 | 1155 | / | 360 |
| Forest Troll High Priest | 1 | 305 | / | 40 |
| Rogue | 1 | 150 | / | 0 |
| Kobold Geomancer | 1 | 255 | / | 30 |
| Assassin | 1 | 250 | / | 30 |
| total: | 32 | 4965g | / | 700w |
| Nerubian Tower | 1 | 100 | / | 20 |
| Spirit Tower | 6 | 870 | / | 240 |
| Ziggurat | 10 | 1500 | / | 500 |
| Altar of Darkness | 1 | 180 | / | 50 |
| Crypt | 1 | 200 | / | 50 |
| Graveyard | 1 | 215 | / | 0 |
| Tomb of Relics | 1 | 130 | / | 30 |
| Necropolis | 1 | 225 | / | 0 |
| Sacrificial Pit | 1 | 75 | / | 150 |
| Boneyard | 3 | 525 | / | 600 |
| Halls of the Dead | 1 | 320 | / | 210 |
| Black Citadel | 1 | 325 | / | 230 |
| total: | 19 | 3050g | / | 1380w |
| 0:05 | Acolyte |
| 0:05 | Acolyte |
| 0:09 | Ziggurat |
| 0:13 | Altar of Darkness |
| 0:39 | Crypt |
| 0:59 | Graveyard |
| 1:19 | Ziggurat |
| 1:45 | Ghoul |
| 1:51 | Tomb of Relics |
| 2:00 | Ghoul |
| 2:15 | Ziggurat |
| 2:22 | Death Coil |
| 2:29 | Ghoul |
| 3:00 | Crypt Fiend |
| 3:04 | Rod of Necromancy |
| 3:26 | Crypt Fiend |
| 3:49 | Crypt Fiend |
| 4:08 | Nerubian Tower |
| 4:22 | Acolyte |
| 4:45 | Acolyte |
| 4:51 | Crypt Fiend |
| 5:00 | Spirit Tower |
| 5:25 | Death Pact |
| 5:31 | Acolyte |
| 5:31 | Acolyte |
| 5:31 | Acolyte |
| 5:32 | Acolyte |
| 5:33 | Acolyte |
| 6:26 | Unholy Aura |
| 6:32 | Spirit Tower |
| 6:38 | Necropolis |
| 6:42 | Rod of Necromancy |
| 7:13 | Halls of the Dead |
| 7:39 | Crypt Fiend |
| 7:57 | Ziggurat |
| 8:27 | Creature Carapace |
| 8:27 | Creature Attack |
| 9:17 | Ziggurat |
| 9:17 | Ziggurat |
| 9:18 | Ziggurat |
| 9:20 | Ziggurat |
| 9:22 | Acolyte |
| 9:22 | Acolyte |
| 9:22 | Acolyte |
| 9:22 | Acolyte |
| 9:24 | Acolyte |
| 9:47 | Unholy Aura |
| 10:04 | Silence |
| 10:34 | Spirit Tower |
| 10:35 | Spirit Tower |
| 10:37 | Acolyte |
| 10:38 | Acolyte |
| 10:50 | Web |
| 11:06 | Spirit Tower |
| 11:17 | Black Citadel |
| 11:19 | Sacrificial Pit |
| 11:30 | Ziggurat |
| 11:33 | Ziggurat |
| 11:52 | Boots of Speed |
| 12:07 | Burrow |
| 12:09 | Scroll of Town Portal |
| 12:19 | Crypt Fiend |
| 12:36 | Scroll of Healing |
| 12:46 | Periapt of Vitality |
| 13:20 | Black Arrow |
| 14:12 | Boneyard |
| 14:15 | Boneyard |
| 14:16 | Boneyard |
| 14:26 | Boots of Speed |
| 14:27 | Scroll of Town Portal |
| 14:39 | Spirit Tower |
| 14:49 | Forest Troll High Priest |
| 14:50 | Rogue |
| 14:51 | Kobold Geomancer |
| 15:06 | Assassin |
| 16:02 | Frost Wyrm |
| 17:00 | Life Drain |
| 17:17 | Frost Wyrm |
| 17:43 | Unholy Aura |
| 19:13 | Frost Wyrm |
| 19:16 | Black Arrow |
| 19:38 | Improved Creature Carapace |
| Right click | 677 |
| Select group | 378 |
| Select | 223 |
| Build/train/purchase | 78 |
| Use ability | 36 |
| Assign group | 20 |
| Item give/drop | 4 |
| Minimap ping | 4 |
| Esc | 3 |
| Misc. action | 1 |



| Rod of Necromancy | 1 | 150 |
| Sacrificial Skull | 1 | 50 |
| Scroll of Town Portal | 2 | 700 |
| total: | 4 | 900g |
| Acolyte | 8 | 600 | / | 0 |
| Ghoul | 3 | 360 | / | 0 |
| Crypt Fiend | 13 | 2795 | / | 520 |
| Obsidian Statue | 1 | 200 | / | 35 |
| Meat Wagon | 4 | 920 | / | 200 |
| Abomination | 5 | 1200 | / | 350 |
| Goblin Shredder | 2 | 750 | / | 200 |
| total: | 36 | 6825g | / | 1305w |
| Nerubian Tower | 2 | 200 | / | 40 |
| Spirit Tower | 8 | 1160 | / | 320 |
| Graveyard | 1 | 215 | / | 0 |
| Crypt | 1 | 200 | / | 50 |
| Altar of Darkness | 1 | 180 | / | 50 |
| Ziggurat | 12 | 1800 | / | 600 |
| Tomb of Relics | 2 | 260 | / | 60 |
| Necropolis | 1 | 225 | / | 0 |
| Slaughterhouse | 2 | 280 | / | 270 |
| Halls of the Dead | 1 | 320 | / | 210 |
| Black Citadel | 1 | 325 | / | 230 |
| total: | 20 | 3160g | / | 1030w |
| 0:04 | Acolyte |
| 0:04 | Acolyte |
| 0:23 | Graveyard |
| 0:25 | Crypt |
| 0:45 | Altar of Darkness |
| 1:00 | Ziggurat |
| 1:19 | Tomb of Relics |
| 1:26 | Ghoul |
| 1:42 | Ziggurat |
| 1:55 | Ghoul |
| 2:16 | Crypt Fiend |
| 2:26 | Nerubian Tower |
| 2:51 | Carrion Beetles |
| 2:57 | Crypt Fiend |
| 3:00 | Acolyte |
| 3:14 | Crypt Fiend |
| 3:26 | Acolyte |
| 3:30 | Ziggurat |
| 3:48 | Rod of Necromancy |
| 3:51 | Sacrificial Skull |
| 4:05 | Acolyte |
| 4:32 | Acolyte |
| 4:55 | Acolyte |
| 4:58 | Acolyte |
| 5:12 | Necropolis |
| 5:23 | Impale |
| 5:35 | Goblin Shredder |
| 6:12 | Halls of the Dead |
| 6:15 | Ziggurat |
| 6:26 | Ziggurat |
| 6:34 | Spirit Tower |
| 6:35 | Spirit Tower |
| 6:42 | Creature Carapace |
| 6:46 | Carrion Beetles |
| 6:57 | Ziggurat |
| 7:01 | Crypt Fiend |
| 7:17 | Crypt Fiend |
| 7:19 | Creature Attack |
| 7:24 | Nerubian Tower |
| 8:17 | Impale |
| 8:23 | Crypt Fiend |
| 8:36 | Web |
| 9:13 | Crypt Fiend |
| 9:15 | Slaughterhouse |
| 9:16 | Slaughterhouse |
| 9:28 | Ziggurat |
| 9:30 | Ziggurat |
| 10:02 | Burrow |
| 10:03 | Improved Creature Attack |
| 10:04 | Improved Creature Carapace |
| 10:14 | Death Coil |
| 10:21 | Spirit Tower |
| 10:22 | Spirit Tower |
| 10:24 | Ziggurat |
| 10:27 | Ziggurat |
| 10:28 | Ziggurat |
| 10:30 | Ziggurat |
| 10:44 | Spirit Tower |
| 10:46 | Spirit Tower |
| 10:47 | Obsidian Statue |
| 11:33 | Crypt Fiend |
| 11:38 | Black Citadel |
| 12:29 | Meat Wagon |
| 12:30 | Crypt Fiend |
| 12:33 | Meat Wagon |
| 13:42 | Crypt Fiend |
| 13:43 | Meat Wagon |
| 14:03 | Disease Cloud |
| 14:04 | Abomination |
| 14:05 | Abomination |
| 14:08 | Crypt Fiend |
| 15:28 | Spirit Tower |
| 15:29 | Spirit Tower |
| 15:31 | Abomination |
| 15:32 | Abomination |
| 15:36 | Scroll of Town Portal |
| 16:37 | Frost Nova |
| 16:41 | Death Coil |
| 16:43 | Impale |
| 16:57 | Unholy Aura |
| 17:18 | Ghoul |
| 17:35 | Tomb of Relics |
| 17:43 | Goblin Shredder |
| 18:03 | Crypt Fiend |
| 18:04 | Abomination |
| 18:05 | Meat Wagon |
| 18:30 | Scroll of Town Portal |
| 18:44 | Crypt Fiend |
| 19:56 | Death Pact |
| Right click | 523 |
| Select | 387 |
| Build/train/purchase | 84 |
| Misc. action | 42 |
| Chat | 37 |
| Use ability | 17 |
| Resource trade | 16 |
| Item give/drop | 4 |
| Remove unit | 2 |
| Minimap ping | 1 |

| Wisp | 32 | 1920 | / | 0 |
| Archer | 2 | 260 | / | 20 |
| Huntress | 6 | 1170 | / | 120 |
| Dryad | 14 | 2030 | / | 840 |
| Mountain Giant | 2 | 700 | / | 200 |
| total: | 56 | 6080g | / | 1180w |
| Ancient Protector | 7 | 945 | / | 560 |
| Altar of Elders | 1 | 180 | / | 50 |
| Moon Well | 8 | 1440 | / | 320 |
| Ancient of War | 1 | 150 | / | 60 |
| Hunter's Hall | 1 | 210 | / | 100 |
| Ancient of Wonders | 1 | 90 | / | 30 |
| Tree of Life | 1 | 340 | / | 185 |
| Ancient of Lore | 4 | 620 | / | 580 |
| Tree of Ages | 1 | 320 | / | 180 |
| total: | 24 | 3975g | / | 1885w |
| 0:07 | Altar of Elders |
| 0:09 | Wisp |
| 0:15 | Moon Well |
| 0:27 | Wisp |
| 0:33 | Ancient of War |
| 0:38 | Wisp |
| 0:56 | Wisp |
| 0:56 | Wisp |
| 1:24 | Wisp |
| 1:40 | Archer |
| 1:50 | Hunter's Hall |
| 1:59 | Wisp |
| 2:09 | Trueshot Aura |
| 2:22 | Archer |
| 2:32 | Moon Well |
| 3:26 | Ancient of Wonders |
| 3:28 | Wisp |
| 3:32 | Strength of the Moon |
| 3:43 | Ancient Protector |
| 3:50 | Ancient Protector |
| 3:53 | Wisp |
| 3:53 | Wisp |
| 4:02 | Huntress |
| 4:02 | Huntress |
| 4:33 | Huntress |
| 4:33 | Huntress |
| 5:17 | Tree of Ages |
| 5:26 | Moon Armor |
| 5:33 | Moon Well |
| 5:41 | Moon Well |
| 6:02 | Searing Arrows |
| 6:28 | Huntress |
| 6:28 | Huntress |
| 7:43 | Ancient of Lore |
| 7:45 | Ancient of Lore |
| 7:47 | Wisp |
| 7:47 | Wisp |
| 7:49 | Wisp |
| 8:17 | Ancient of Lore |
| 8:28 | Ancient of Lore |
| 8:48 | Wisp |
| 8:48 | Wisp |
| 8:48 | Wisp |
| 8:48 | Wisp |
| 8:49 | Wisp |
| 9:24 | Ancient Protector |
| 9:25 | Ancient Protector |
| 9:30 | Wisp |
| 9:30 | Wisp |
| 9:43 | Wisp |
| 9:43 | Wisp |
| 9:47 | Ancient Protector |
| 10:37 | Abolish Magic |
| 10:40 | Wisp |
| 10:40 | Wisp |
| 11:02 | Ancient Protector |
| 11:06 | Ancient Protector |
| 11:12 | Dryad |
| 11:12 | Dryad |
| 11:13 | Dryad |
| 11:40 | Dryad |
| 11:48 | Dryad |
| 11:48 | Dryad |
| 11:52 | Strength of the Wild |
| 12:45 | Moon Glaive |
| 13:17 | Trueshot Aura |
| 13:40 | Moon Well |
| 13:40 | Moon Well |
| 14:00 | Dryad |
| 14:00 | Dryad |
| 14:00 | Dryad |
| 14:22 | Wisp |
| 14:22 | Wisp |
| 14:23 | Wisp |
| 14:26 | Reinforced Hides |
| 14:45 | Dryad |
| 16:17 | Moon Well |
| 16:18 | Moon Well |
| 16:37 | Tree of Life |
| 17:18 | Dryad |
| 17:18 | Dryad |
| 17:18 | Dryad |
| 17:21 | Dryad |
| 17:46 | Improved Strength of the Wild |
| 18:27 | Wisp |
| 18:27 | Wisp |
| 18:27 | Wisp |
| 18:27 | Wisp |
| 18:28 | Wisp |
| 19:17 | Mountain Giant |
| 19:17 | Mountain Giant |
| 19:43 | Searing Arrows |
| Right click | 1071 |
| Select | 201 |
| Misc. action | 108 |
| Select group | 93 |
| Build/train/purchase | 78 |
| Chat | 29 |
| Assign group | 21 |
| Use ability | 10 |
| Minimap ping | 2 |
| Esc | 1 |
⇛